 Dungeon Crawl Stone Soup version 0.27-a0-343-gfcad680f63 (webtiles) character file.

Game seed: 8253848872731573834

238 SmokeWeed the Slasher (level 5, -2/45 HPs)
             Began as a Minotaur Gladiator on Feb 14, 2021.
             Killed by divine providence
             ... invoked by an orc priest
              (10 damage)
             ... on level 4 of the Dungeon.
             The game lasted 00:05:22 (3127 turns).

SmokeWeed the Slasher (Minotaur Gladiator)          Turns: 3127, Time: 00:05:22

Health: -2/45      AC:  6    Str: 19    XL:     5   Next: 78%
Magic:  4/4        EV: 11    Int:  5    God:
Gold:   170        SH:  0    Dex: 12    Spells: 4/4 levels left

rFire    . . .     SeeInvis .   a - +0 long sword
rCold    + . .     Faith    .   (no shield)
rNeg     . . .     Spirit   .   t - +0 scale mail
rPois    +         Reflect  .   c - +0 hat
rElec    .         Harm     .   (no cloak)
rCorr    .         Rampage  .   (no gloves)
Will     .....                  (no boots)
Stlth    ..........             (no amulet)
HPRegen  0.15/turn              o - ring of poison resistance
MPRegen  0.09/turn              B - ring of protection from cold

@: no status effects
A: retaliatory headbutt, horns 2
a: no special abilities


You were on level 4 of the Dungeon.
You visited 1 branch of the dungeon, and saw 4 of its levels.

You collected 170 gold pieces.

Inventory:

Hand Weapons
 a - a +0 long sword (weapon)
 n - a +0 dagger of venom
Missiles
 m - 43 stones (quivered)
 r - 12 poisoned darts
 w - 2 throwing nets
 y - 2 curare-tipped darts
 z - 2 boomerangs
Armour
 b - a +0 leather armour
 c - a +0 hat (worn)
 t - a +0 scale mail (worn)
Jewellery
 d - a ring of wizardry
 o - a ring of poison resistance (left hand)
 B - a ring of protection from cold (right hand)
Scrolls
 e - 3 scrolls of identify {unknown}
 g - 7 scrolls of teleportation {unknown}
 h - a scroll of fog {unknown}
 i - a scroll of fear {unknown}
 p - a scroll of amnesia {unknown}
 x - a scroll of noise {unknown}
 A - 2 scrolls of blinking {unknown}
Potions
 f - 2 potions of degeneration {unknown}
 j - 3 potions of haste {unknown}
 k - a potion of magic {unknown}
 l - 2 potions of curing {unknown}
 s - a potion of heal wounds {unknown}
 u - a potion of flight {unknown}
 v - 3 potions of brilliance {unknown}
 C - a potion of ambrosia {unknown}


   Skills:
 + Level 3.4 Fighting
 + Level 5.5 Long Blades
 + Level 3.1 Throwing
 + Level 2.2 Armour
 + Level 4.2 Dodging
 + Level 0.3 Stealth


You had 4 spell levels left.
You didn't know any spells.
Your spell library was empty.

Dungeon Overview and Level Annotations

Branches:
Dungeon (4/15)
 Temple: D:4-7

Altars:
Gozag
Nemelex Xobeh


Innate Abilities, Weirdness & Mutations

You reflexively headbutt those who attack you in melee.
You have a pair of horns on your head.


Message History

Aim: an orc priest, wielding a +0 club (moderately wounded, 59% to hit)
You throw a javelin. The orc shouts!
The javelin pierces through the orc but does no damage.
The orc is almost dead.
The javelin pierces through the orc!
You kill the orc!
The javelin closely misses the orc priest.
Throw: 2 javelins
Press: ? - help, Q - select action, (/) - cycle Shift-Dir - straight line, f/p - orc priest
Aim: an orc priest, wielding a +0 club (moderately wounded, 59% to hit)
You throw a javelin. The javelin pierces through the orc.
You kill the orc!
The javelin pierces through the orc priest but does no damage.
The orc priest is moderately wounded.
The javelin pierces through the orc.
The orc is moderately wounded.
The orc priest invokes the aid of Beogh against you.
Pain shoots through your body!
* * * LOW HITPOINT WARNING * * *
The orc hits you but does no damage.
Throw: javelin
Press: ? - help, Q - select action, (/) - cycle Shift-Dir - straight line, f/p - orc priest
Aim: an orc priest, wielding a +0 club (moderately wounded, 59% to hit)
You throw a javelin.
The javelin pierces through the orc priest.
The orc priest is severely wounded.
The javelin pierces through the orc but does no damage.
The orc is moderately wounded.
The orc hits you but does no damage.
Throw: 44 stones
Press: ? - help, Q - select action, (/) - cycle Shift-Dir - straight line, f/p - orc priest
Aim: an orc priest, wielding a +0 club (severely wounded, 59% to hit)
You throw a stone.
The stone closely misses the orc priest.
The stone hits the orc but does no damage.
The orc is moderately wounded.
The orc priest calls down the wrath of Beogh upon you.
Beogh smites you!
You die...

#(.# ..(( ....
... .o###
####)...##
##..o.....#
#..@o..#
####..#####
##..##..###.#.
#.<...........
#.#...#.###...
...#.##### .
#....###
.....# ##...#


You could see an orc priest and 2 orcs.

Vanquished Creatures
  An orc wizard (D:3)
  3 adders
  8 gnolls
  A white imp (D:3)
  An ooze (D:2)
  2 worms (D:2)
  4 dart slugs
  7 leopard geckos
  6 orcs
  A ball python (D:2)
  2 giant cockroaches (D:3)
  9 goblins
  9 hobgoblins
  3 jackals
  A quokka (D:3)
  7 bats
  3 frilled lizards
  4 kobolds
  2 rats
74 creatures vanquished.

Notes
Turn   | Place    | Note
-------+----------+-------------------------------------------
     0 | D:1      | SmokeWeed the Minotaur Gladiator began the quest for the
                  | Orb.
     0 | D:1      | Reached XP level 1. HP: 18/18 MP: 0/0
     2 | D:1      | Noticed a felid
     4 | D:1      | Noticed a merfolk
     6 | D:1      | Noticed a demigod
     6 | D:1      | Noticed an octopode
     9 | D:1      | Noticed a human
     9 | D:1      | Noticed an elf
    11 | D:1      | Noticed a vine stalker
    11 | D:1      | Noticed a spriggan
    13 | D:1      | Noticed a demonspawn
    13 | D:1      | Noticed a halfling
    15 | D:1      | Noticed a formicid
    15 | D:1      | Noticed a vampire
    17 | D:1      | Noticed a gargoyle
    17 | D:1      | Noticed a naga
    19 | D:1      | Noticed a draconian
    19 | D:1      | Noticed a tengu
    21 | D:1      | Noticed an ogre
    23 | D:1      | Noticed a centaur
    25 | D:1      | Noticed a minotaur
    25 | D:1      | Noticed a troll
    27 | D:1      | Noticed a ghoul
    27 | D:1      | Noticed a dwarf
    46 | D:1      | Reached skill level 4 in Long Blades
    46 | D:1      | Reached XP level 2. HP: 15/25 MP: 1/1
   679 | D:2      | Reached XP level 3. HP: 29/30 MP: 2/2
   881 | D:2      | Found a sparkling altar of Nemelex Xobeh.
  1256 | D:2      | Found an opulent altar of Gozag.
  1330 | D:2      | Reached XP level 4. HP: 34/38 MP: 3/3
  1434 | D:2      | Reached skill level 1 in Armour
  1726 | D:2      | Reached skill level 5 in Long Blades
  2027 | D:3      | Reached XP level 5. HP: 45/45 MP: 4/4
  3127 | D:4      | Killed from afar by an orc priest

Illustrated notes

Levels and vault maps discovered:
D:1:      kb_arrival_jail, layout_rooms, minmay_pentomino_o2
D:2:      layout_rooms, grunt_temple_overflow_opulence
D:3:      layout_basic, chequers_serial_rivers_small_3, roderic_lattice_a,
          minmay_misc_feat_roman, minmay_pentomino_pile
D:4:      layout_cave_pools, nicolae_ru_awakened_eye, dancing_weapons_uskayaw,
          uniq_eustachio, uniq_ijyb

Skill      XL: |  1  2  3  4  5 |
---------------+----------------+-----
Long Blades    | 4 5 |  5.5
Fighting       | 3 |  3.4
Dodging        | 4 |  4.2
Armour         | 1 2 |  2.2
Throwing       | 3 |  3.1
Stealth        | |  0.3

Action                   |  1- 3 |  4- 6 || total
-------------------------+-------+-------++-------
Melee: Long sword        |    51 |    59 ||   110
       Headbutt          |    12 |    14 ||    26
Throw: Stone             |    39 |    11 ||    50
       Throwing net      |       |     3 ||     3
       Boomerang         |       |    33 ||    33
       Javelin           |       |     5 ||     5
Armor: Leather armour    |    12 |       ||    12
       Scale mail        |     2 |    27 ||    29
Dodge: Dodged            |    42 |    45 ||    87
       Rpst.: Long sword |     9 |    11 ||    20

Table legend: (Time is in decaauts)
 A = Elapsed time spent in this place.
 B = Non-inter-level travel time spent in this place.
 C = Inter-level travel time spent in this place.
 D = Time resting spent in this place.
 E = Time spent auto-exploring this place.
 F = Levels seen in this place.
 G = Mean time per level.
                   A        B        C        D        E       F      G
               +--------+--------+--------+--------+--------+-----+--------+
         Total |   3154 |   3154 |      0 |    447 |   2151 |   4 |  788.5 |
       Dungeon |   3154 |   3154 |      0 |    447 |   2151 |   4 |  788.5 |
               +--------+--------+--------+--------+--------+-----+--------+

Top non-repeatable levels by time:
     D:3: 1489 daAuts
     D:2: 1006 daAuts
     D:1: 637 daAuts
     D:4: 21 daAuts
